 Dungeon Crawl Stone Soup version 0.32-a0-909-gc671339a80 (webtiles) character file.

Game seed: 519248238910037174

1540724 Sergey the Ninja (level 25, 133/138 HPs)
             Began as a Spriggan Berserker on Apr 6, 2024.
             Was a High Priest of Trog.
             Escaped with the Orb
             ... and 3 runes on Apr 7, 2024!
             The game lasted 03:25:07 (79412 turns).

Sergey the Ninja (Spriggan Berserker)              Turns: 79412, Time: 03:25:07

Health: 133/138    AC: 13    Str: 13    XL:     25   Next: 68%
Magic:  41/43      EV: 49    Int: 12    God:    Trog [*****.]
Gold:   891        SH: 12    Dex: 32    Spells: 42/42 levels left

rFire   + + .        q - +10 rapier "Spriggan's Peril" {speed, rElec rC+}
rCold   + + .        K - +3 buckler {AC+3}
rNeg    . . .        G - +0 swamp dragon scales
rPois   +            a - +3 hat of Pondering {ponderous, Will+ MP+10 Int+5}
rElec   +            T - scarf {rC+ rF+}
rCorr   .            (gloves unavailable)
SInv    +            (boots unavailable)
Will    +++++        V - amulet of guardian spirit
Stlth   ++++         I - +6 ring of dexterity
HPRegen 0.43/turn    n - ring "Ritatoov" {Fly rF+ Will+ Int-2}
MPRegen 0.28/turn

%: guardian spirit
@: flying, hasted, studying 3 skills, very quick
A: very small, no large weapons, unfitting armour, see invisible, speed 3, low
MP 1, poison resistance, no potion heal 1
0: Orb of Zot
}: 3/15 runes: decaying, serpentine, silver
a: Renounce Religion, Berserk, Trog's Hand, Brothers in Arms


You escaped.
You worshipped Trog.
Trog was extremely pleased with you.
You visited 10 branches of the dungeon, and saw 48 of its levels.
You also visited: Gauntlet, Ice Cave and Wizlab.

You collected 8736 gold pieces.
You spent 7845 gold pieces at shops.

Inventory:

Hand Weapons
 e - a +9 antimagic scimitar
 q - the +10 rapier "Spriggan's Peril" (weapon) {speed, rElec rC+}
   (You took it off a deep elf annihilator on level 3 of the Elven Halls)

   rC+:       It protects you from cold.
   rElec:     It insulates you from electricity.
 w - a +9 demon blade of freezing
 S - a +0 long sword
Missiles
 d - 6 throwing nets
 y - 22 boomerangs (quivered)
 z - 4 curare-tipped darts
 F - 3 datura-tipped darts {!f}
Armour
 a - the +3 hat of Pondering (worn) {ponderous, Will+ MP+10 Int+5}
   (You took it off Gastronok on level 1 of the Lair of Beasts)

   Int+5:     It affects your intelligence (+5).
   Will+:     It increases your willpower.
   MP+10:     It affects your magic capacity (+10).
 E - a +2 robe of willpower
 G - +0 swamp dragon scales (worn)
 K - a +3 buckler of protection (worn)
 T - a scarf of resistance (worn)
Jewellery
 n - the ring "Ritatoov" (right hand) {Fly rF+ Will+ Int-2}
   (You bought it in a shop on level 5 of the Vaults)

   [ring of flight]

   Int-2:     It affects your intelligence (-2).
   rF+:       It protects you from fire.
   Will+:     It increases your willpower.
   Fly:       It grants you flight.
 u - a ring of resist corrosion
 I - a +6 ring of dexterity (left hand)
 J - a ring of protection from fire
 Q - an amulet of regeneration
 V - an amulet of guardian spirit (around neck)
Talismans
 h - a granite talisman
Wands
 c - a wand of light (12)
 i - a wand of roots (10)
 s - a wand of paralysis (14)
 t - a wand of mindburst (21)
 v - a wand of digging (7)
 U - a wand of polymorph (8)
Scrolls
 j - a scroll of blinking {@r4}
 k - a scroll of enchant armour
 m - 12 scrolls of teleportation {@r3}
 x - 5 scrolls of fear
 A - 6 scrolls of immolation
 N - 7 scrolls of vulnerability {!r}
 O - 5 scrolls of poison
 W - 5 scrolls of fog {@r2}
 Y - 4 scrolls of silence {!r}
 Z - a scroll of brand weapon
Potions
 b - 4 potions of haste {@q5}
 f - 16 potions of lignification
 l - 16 potions of curing {@q2}
 o - 11 potions of mutation
 r - 7 potions of enlightenment
 D - 8 potions of ambrosia
 H - 8 potions of heal wounds {@q1}
 L - 2 potions of magic
 M - 3 potions of resistance
 P - 4 potions of cancellation
 X - 5 potions of might {@q3}
Miscellaneous
 p - a phantom mirror
 B - a tin of tremorstones (2/2)
 C - a sack of spiders
 R - a lightning rod (4/4)


   Skills:
 + Level 16.3 Fighting
 - Level 12.0(16.9) Short Blades
 - Level 15.0(16.0) Long Blades
 - Level 8.0 Throwing
 O Level 27 Dodging
 O Level 27 Stealth
 - Level 12.0 Shields
 - Level 9.4 Spellcasting
 O Level 27 Evocations
 - Level 16.0 Shapeshifting


You had 42 spell levels left.
You didn't know any spells.
Your spell library was empty.

Dungeon Overview and Level Annotations

Branches:
Dungeon (15/15)            Temple (0/1) D:5            Lair (5/5) D:10
  Swamp (4/4) Lair:2        Snake (4/4) Lair:3        Slime (1/5) Lair:4
    Orc (2/2) D:10            Elf (3/3) Orc:2        Vaults (5/5) D:13
  Crypt (0/3) Vaults:2     Depths (4/4) D:15            Zot (5/5) Depths:4
  IceCv (visited)          WizLab (visited)         Gauntlet (visited)

Altars:
Ashenzari
Elyvilon
Fedhas
Gozag
Hepliaklqana
Kikubaaqudgha
Nemelex Xobeh
Okawaru
Qazlal
Ru
Sif Muna
Uskayaw
Vehumet
Wu Jian
Yredelemnul
The Shining One
Jiyva

Shops:
D:6 [   Orc:2 !=*(   Elf:1 *   Elf:2 :   Elf:3 *   Snake:1 ==:   Snake:3 !(=?
Snake:4 (   Vaults:1 [   Vaults:5 !![=[??   Depths:1 *([

Portals:
Hell: Depths:1 Depths:2 Depths:3 Depths:4
Abyss: Depths:1 Depths:2 Depths:3
Pandemonium: Depths:2
Ziggurat: Depths:4
Trove: Vaults:2 (give 3 scrolls of blinking)

Annotations:
D:6 exclusion: downstairs
D:9 exclusion: hornet
D:11 2 runed translucent doors
D:15 Agnes
Lair:5 exclusion: orange crystal statue
Swamp:3 exclusion: downstairs
Snake:2 exclusion: 2 downstairs
Snake:3 6 transporters
Snake:4 Roxanne
Orc:2 1 runed translucent door, 3 exclusions, Autsider's ghost, journeyman GrEE
Vaults:4 exclusion: 2 doors
Depths:4 exclusion: orange crystal statue
Zot:1 exclusion: downstairs


Innate Abilities, Weirdness & Mutations

You are very small and have problems with some larger weapons.
You are too small for most types of armour.
You have supernaturally acute eyesight. (SInv)
You cover ground extremely quickly. (Speed+++)
Your magical capacity is low. (-10% MP)
Your system is resistant to poisons. (rPois)
Potions are less effective at restoring your health.


Message History

You feel much better.
You fly upwards.
There is a stone staircase leading down, spattered with blood here.
A Tzitzimitl comes into view.
Blink to where?
Press: ? - help, Dir - move target
As you read the scroll of blinking {@r4}, it crumbles to dust.
The Tzitzimitl moves out of view.
Aiming: Dig
Press: ? - help, Shift-Dir - straight line, f - you Please select a direction to dig.
This square is covered in magical glow.
The rock shatters into small pieces.
A cacodemon and 2 sixfirhies come into view.
There are monsters nearby!
Okay, then.
Unknown command.
As you read the scroll of summoning, it crumbles to dust.
Wisps of shadow whirl around you... The sixfirhy completely misses you.
You block the sixfirhy's attack. The sixfirhy completely misses you. x2
You puncture the sixfirhy!
The sixfirhy is lightly wounded.
The sixfirhy closely misses you. You block the sixfirhy's attack.
Your quokka completely misses the sixfirhy.
The cacodemon gestures next to the sixfirhy.
Some rock shatters into small pieces.
You feel yourself speed up.
Your quokka bites the sixfirhy but does no damage.
Your giant cockroach completely misses the sixfirhy.
The sixfirhy completely misses you.
Blink to where?
Press: ? - help, Dir - move target
As you read the scroll of blinking {@r4}, it crumbles to dust.
Your giant cockroach misses the sixfirhy.
The sixfirhy attacks as it pursues you! The sixfirhy completely misses you.
You see here a hobgoblin skeleton.
There is a staircase leading out of the dungeon here.
Unknown command.
You hear a grinding noise.
You have escaped!

#.........####'###.# #..#
#.#####.#2S#.....#.####..#
#.# #.#..3.....#.......#
#.# #.#.#......#.####.##
###.#####.#.##.###.#.####.#
........#.#..#3#÷#.#......#
###.##....####÷###.#.######
#.##.#.....#...).#.#
#.......####..@..###
#####...#.# #.....#
..........# #######
.####...### .......##
#####..# #..# #..# #####..#


You could see a cacodemon, 2 sixfirhies and a friendly ball python (summoned).

Vanquished Creatures
  4 dread liches
  Frederick (Vaults:3)
  3 ancient liches
  4 orbs of fire (Zot:5)
  Mara (Vaults:1)
  A juggernaut (Depths:3)
  3 Killer Klowns (Zot:5)
  Saint Roka (Elf:3)
  A curse toe (Zot:2)
  Margery (Vaults:5)
  11 golden dragons
  Nikola (Snake:2)
  2 electric golems (Zot:5)
  13 tentacled monstrosities
  3 liches
  A walking crystal tome (Depths:3)
  A walking earthen tome (Depths:3)
  An Ice Fiend (Depths:3)
  2 walking frostbound tomes (Depths:3)
  2 walking divine tomes
  2 deep elf blademasters (Elf:3)
  A searing wretch (Vaults:5)
  25 Orb Guardians
  3 quicksilver dragons
  Gastronok (Lair:1)
  7 death cobs
  8 sphinxes
  2 deep elf master archers (Elf:3)
  The ghost of Noucar the Fighter, an adept MiMo of Uskayaw (Snake:3)
  9 titans
  A thorn hunter (Swamp:4)
  8 shadow dragons
  9 storm dragons
  Aizul (Snake:2)
  7 tengu reavers
  3 protean progenitors
  A revenant (Vaults:2)
  13 fire giants
  7 nagarajas
  Donald (Vaults:2)
  11 frost giants
  17 vault wardens
  4 draconian shifters (Zot:2)
  3 draconian knights
  6 deep elf sorcerers
  3 iron dragons
  A ghoul (Swamp:4)
  2 ghost moths
  4 deep elf elementalists (Elf:3)
  3 draconian monks
  A balrug (Depths:4)
  2 orc warlords
  3 draconian scorchers
  A draconian annihilator (Depths:4)
  A curse skull (Vaults:2)
  A spriggan defender (Depths:3)
  4 demonspawn corrupters (WizLab)
  18 ironbound preservers
  5 ironbound thunderhulks
  18 very ugly things
  2 formless jellyfish
  A demonspawn blood saint (D:7)
  15 stone giants
  3 vampire knights
  3 black draconians
  Nessos (D:15)
  6 deep elf demonologists (Elf:3)
  5 bunyips
  5 purple draconians
  6 deep elf death magi
  4 eleionomae (Swamp:3)
  15 red draconians
  3 white draconians
  6 war gargoyles
  2 green draconians
  2 yellow draconians
  4 dire elephants (Vaults:2)
  3 spark wasps (Depths:3)
  5 deep elf annihilators (Elf:3)
  2 eidola (Vaults:2)
  6 ettins
  A blizzard demon (D:7)
  4 deep elf high priests
  2 shambling mangroves (Swamp:4)
  A green death (D:7)
  A jiangshi (Depths:4)
  A great orb of eyes (Vaults:3)
  10 yaktaur captains
  11 fire dragons
  2 catoblepae (Lair:3)
  26 hydras
  5 rakshasas
  7 ice dragons
  5 ogre magi
  5 spriggan air magi
  Harold (Lair:1)
  4 ghost crabs
  38 vault guards
  5 alligators
  Erica (D:9)
  4 peacekeepers
  4 salamander tyrants
  8 anacondas
  33 dancing weapons
  5 ironbound frosthearts
  9 centaur warriors
  18 two-headed ogres
  4 spriggan berserkers
  6 boulder beetles
  6 deep troll shamans
  4 death yaks
  10 naga warriors
  2 orc high priests
  3 vampire magi
  8 deep troll earth magi
  4 tengu warriors
  11 naga sharpshooters
  5 occultists
  23 hell knights
  12 spriggans
  15 deep elf knights
  6 shock serpents
  3 iron trolls
  7 deep elf archers
  A sea snake (shapeshifter) (D:15)
  58 deep trolls
  2 flayed ghosts
  2 goliath frogs
  4 spriggan druids
  11 mana vipers
  5 salamander mystics
  2 obsidian statues
  10 lindwurms
  8 arcanists
  15 swamp dragons
  6 spriggan simulacra
  6 naga ritualists
  4 phantasmal warriors (Vaults:5)
  33 deep elf pyromancers
  18 ironbound convokers
  13 bog bodies
  5 thermic dynamos
  Pikel (D:7)
  4 glowing orange brains
  9 necromancers
  4 orc sorcerers
  9 orc knights
  An obsidian bat (Orc:2)
  21 deep elf zephyrmancers
  A stone giant zombie (Vaults:1)
  15 ugly things
  A human zombie (Vaults:1)
  12 moths of wrath
  Maurice (D:9)
  20 salamanders
  5 manticores
  5 cyclopes
  An elephant (Lair:3)
  6 guardian serpents
  2 worldbinders (WizLab)
  A water nymph (shapeshifter) (Vaults:5)
  Joseph (D:7)
  20 naga magi
  11 vault sentinels
  33 black mambas
  2 kobold blastminers (Orc:2)
  8 cane toads
  A torpor snail (Lair:2)
  2 smoke demons (Depths:4)
  9 rime drakes
  3 unseen horrors
  An elf skeleton (Vaults:1)
  15 freezing wraiths
  Jeremiah (Lair:1)
  10 komodo dragons
  20 yaktaurs
  3 tengu conjurers
  An efreet (Zot:2)
  3 kobold demonologists (D:11)
  A yaktaur skeleton (Vaults:1)
  Psyche (D:8)
  8 anaconda simulacra
  A queen bee (Lair:2)
  A tengu simulacrum (Vaults:1)
  17 hornets
  10 trolls
  A glass eye (Depths:1)
  Prince Ribbit (D:8)
  3 alligator simulacra (IceCv)
  6 dream sheep (Lair:4)
  3 tyrant leeches
  8 blink frogs
  26 slime creatures
  3 air elementals
  3 wraiths
  47 yaks
  Sigmund (D:4)
  3 shadows
  4 wyverns
  6 dire elephant simulacra (IceCv)
  A slime creature (shapeshifter) (Depths:1)
  A centaur simulacrum (D:15)
  4 basilisks
  9 vampire mosquitoes
  23 fire elementals
  2 wargs
  3 redbacks (Vaults:2)
  A steam dragon (D:9)
  4 minotaur simulacra
  39 nagas
  16 swamp worms
  9 acid dragons
  3 hydra simulacra (IceCv)
  13 water moccasins
  7 swamp drakes
  An ettin simulacrum (IceCv)
  2 ice beasts
  3 sky beasts
  5 black bears
  28 orc warriors
  32 ogres
  14 wolves
  A boggart (WizLab)
  7 centaurs
  3 kobold brigands
  Blork the orc (D:6)
  A weeping skull (D:14)
  17 bullfrogs
  4 earth elementals
  A deep troll simulacrum (IceCv)
  A gnoll sergeant (D:10)
  3 scorpions (D:5)
  5 lindwurm simulacra
  26 killer bees
  2 electric eels (Lair:1)
  6 howler monkeys
  2 lava snakes (Lair:5)
  6 gnoll boudas
  2 hounds
  Crazy Yiuf (D:2)
  3 jellies
  10 orc priests
  Jessica (D:2)
  Natasha (D:4)
  10 iguanas
  15 orc wizards
  29 gnolls
  A river rat (D:9)
  3 adders
  3 ribbon worms
  A dart slug (D:2)
  65 orcs
  9 endoplasms
  A giant cockroach (D:4)
  5 goblins
  8 hobgoblins
  5 jackals
  4 quokkas
  3 training dummies (Snake:4)
  3 ball pythons
  5 bats
  8 frilled lizards
  29 kobolds
  8 rats
  A spectral orc (D:14)
1874 creatures vanquished.

Vanquished Creatures (collateral kills)
  A juggernaut (Depths:3)
  2 Killer Klowns (Zot:5)
  A golden dragon (Depths:3)
  Rupert (Orc:2)
  A tentacled monstrosity (Vaults:5)
  An Orb Guardian (Zot:5)
  Mlioglotl (Snake:2)
  A tengu reaver (Vaults:5)
  2 protean progenitors (Zot:5)
  A deep elf sorcerer (WizLab)
  3 vault wardens
  A frost giant (Depths:3)
  2 ironbound preservers
  2 stone giants
  A deep elf annihilator (Elf:3)
  A deep elf death mage (Elf:3)
  Azrael (Orc:2)
  A spark wasp (Depths:3)
  3 yaktaur captains
  An entropy weaver (Vaults:2)
  2 ettins
  2 jiangshi (Depths:4)
  A deep elf high priest (Vaults:5)
  3 vault guards
  A caustic shrike simulacrum (IceCv)
  3 centaur warriors (Vaults:1)
  An ogre mage (Orc:2)
  A two-headed ogre (shapeshifter) (Depths:3)
  A boulder beetle (D:13)
  An ironbound frostheart (Vaults:2)
  A rakshasa (Depths:2)
  3 two-headed ogres
  3 anacondas
  2 deep troll earth magi
  A deep troll shaman (Depths:2)
  A spriggan berserker (Depths:2)
  A naga sharpshooter (Snake:3)
  An iron troll (Depths:2)
  2 hell knights (Depths:2)
  A glowing orange brain (WizLab)
  2 naga ritualists (Snake:1)
  A mana viper (Snake:1)
  A salamander mystic (Snake:1)
  A sun moth (shapeshifter) (Vaults:5)
  An arcanist (WizLab)
  4 deep trolls
  2 lindwurms (Vaults:3)
  A steelbarb worm (shapeshifter) (Vaults:5)
  A necromancer (Depths:2)
  A deep elf zephyrmancer (D:13)
  2 obsidian bats (Orc:2)
  An ugly thing (Depths:4)
  A moth of wrath (Zot:5)
  A manticore (D:12)
  4 salamanders (Snake:1)
  A worldbinder (WizLab)
  A kobold blastminer (Orc:2)
  5 black mambas (Snake:1)
  6 slime creatures
  2 vault sentinels (Vaults:4)
  6 yaktaurs
  A tengu conjurer (Depths:1)
  A troll (Vaults:5)
  A glass eye (Depths:1)
  A hornet (Swamp:4)
  A spriggan (Swamp:4)
  An air elemental (Elf:1)
  A water elemental (Elf:1)
  A yak (shapeshifter) (WizLab)
  A fire elemental (Orc:2)
  4 vampire mosquitoes (D:12)
  2 nagas (Snake:3)
  3 hell hounds (Orc:2)
  3 orc warriors
  2 ogres (Orc:2)
  2 orc wizards (Orc:2)
  A hell rat (D:10)
  A ribbon worm (D:4)
  7 orcs
  2 aspiring fleshes (Zot:5)
  A spectral weapon (Depths:3)
142 creatures vanquished.

Vanquished Creatures (others)
  A Killer Klown (Zot:5)
  A nagaraja (Snake:3)
  A goliath frog (Swamp:3)
  A deep elf zephyrmancer (Elf:3)
  A warg (Vaults:5)
  2 fire elementals (Zot:2)
7 creatures vanquished.

Grand Total: 2023 creatures vanquished

Notes
Turn   | Place    | Note
-------+----------+-------------------------------------------
     0 | D:1      | Sergey the Spriggan Berserker began the quest for the Orb.
     0 | D:1      | Reached XP level 1. HP: 11/11 MP: 2/2
   171 | D:1      | Reached skill level 1 in Stealth
   929 | D:1      | Reached XP level 2. HP: 16/16 MP: 3/3
  1614 | D:1      | Reached * piety under Trog
  3364 | D:2      | Reached XP level 3. HP: 16/19 MP: 4/4
  3561 | D:2      | Identified the ring of Fiuxkan {*Slow AC+4 Dex+5}
  3585 | D:2      | Reached skill level 5 in Stealth
  3764 | D:2      | Noticed Jessica
  3778 | D:2      | Found a runed translucent door.
  3779 | D:2      | Noticed Crazy Yiuf
  3793 | D:2      | Killed Jessica
  3794 | D:2      | Reached XP level 4. HP: 23/23 MP: 5/5
  4508 | D:3      | Identified the +1 leather armour of the Earth {+Inv rC+
                  | Will+ Dex-3}
  5115 | D:3      | Reached ** piety under Trog
  6011 | D:4      | Noticed Sigmund
  7244 | D:4      | Noticed Natasha
  7307 | D:5      | Entered Level 5 of the Dungeon
  7494 | D:5      | Found a staircase to the Ecumenical Temple.
  7516 | D:5      | Found a broken altar of Ashenzari.
  7535 | D:5      | Noticed a scorpion
  7579 | D:5      | Reached skill level 1 in Evocations
  7579 | D:5      | Reached XP level 5. HP: 28/28 MP: 6/6
  7598 | D:5      | Noticed a sky beast
  8000 | D:5      | Noticed an ogre
  8343 | D:4      | Reached skill level 5 in Dodging
  8446 | D:4      | Found a shimmering blue altar of Sif Muna.
  8447 | D:4      | Found an ancient bone altar of Kikubaaqudgha.
  8449 | D:4      | Found an iron altar of Okawaru.
  8450 | D:4      | Found a sacrificial altar of Ru.
  8451 | D:4      | Found an ornate altar of the Wu Jian Council.
  8451 | D:4      | Found a glowing golden altar of the Shining One.
  8451 | D:4      | Found a blossoming altar of Fedhas.
  8452 | D:4      | Found a hide-covered altar of Uskayaw.
  8454 | D:4      | Found a sparkling altar of Nemelex Xobeh.
  8455 | D:4      | Found a radiant altar of Vehumet.
  8456 | D:4      | Found a stormy altar of Qazlal.
  8690 | D:4      | Noticed a black bear
  8987 | D:5      | Reached XP level 6. HP: 32/32 MP: 7/7
  9729 | D:5      | Killed a sky beast
  9957 | D:5      | Reached XP level 7. HP: 36/38 MP: 8/8
 10256 | D:4      | Reached skill level 5 in Fighting
 10767 | D:5      | Reached skill level 5 in Short Blades
 10988 | D:6      | Found Akocify's Armour Emporium.
 10993 | D:6      | Bought a +2 robe of willpower for 177 gold pieces
 11631 | D:6      | Reached XP level 8. HP: 43/43 MP: 9/9
 11709 | D:6      | Noticed Blork the orc
 12249 | D:6      | Killed Blork the orc
 12313 | D:7      | Noticed Pikel
 12514 | D:2      | Killed Crazy Yiuf
 13031 | D:4      | Killed Natasha
 13238 | D:7      | Killed Pikel
 13317 | D:7      | Reached XP level 9. HP: 38/48 MP: 10/10
 13473 | D:6      | Reached *** piety under Trog
 13699 | D:7      | Noticed Joseph
 14015 | D:8      | Noticed Prince Ribbit
 14099 | D:8      | Killed Prince Ribbit
 14195 | D:8      | Noticed Psyche
 14228 | D:8      | Noticed a cyclops
 14414 | D:9      | Found an opulent altar of Gozag.
 14577 | D:9      | Reached skill level 10 in Stealth
 14701 | D:9      | Found a white marble altar of Elyvilon.
 14781 | D:9      | Noticed Erica
 14825 | D:9      | Killed Erica
 14975 | D:9      | Reached XP level 10. HP: 55/55 MP: 11/11
 15025 | D:9      | Reached **** piety under Trog
 15125 | D:9      | Noticed Maurice
 15133 | D:9      | Killed Maurice
 15580 | D:10     | Entered Level 10 of the Dungeon
 15611 | D:10     | Found a staircase to the Lair.
 15613 | D:10     | Noticed a two-headed ogre
 15661 | D:9      | Reached skill level 10 in Dodging
 15879 | D:10     | Killed a two-headed ogre
 16118 | D:10     | Reached XP level 11. HP: 53/60 MP: 12/12
 16302 | D:10     | Identified the +7 trident of Darkness {distort, rF+}
 16465 | D:10     | Found a staircase to the Orcish Mines.
 17198 | D:11     | Found a large runed translucent door.
 17199 | D:11     | Found a large runed translucent door.
 17268 | Lair:1   | Entered Level 1 of the Lair of Beasts
 17365 | Lair:1   | Reached ***** piety under Trog
 17438 | Lair:1   | Found a gate leading to a gauntlet.
 17446 | Gauntlet | Entered a Gauntlet
 17446 | Gauntlet | Noticed a fire crab
 17446 | Gauntlet | Found a transporter.
 17446 | Gauntlet | Found a transporter.
 17446 | Gauntlet | Found a transporter.
 17446 | Gauntlet | Found a transporter.
 17455 | Gauntlet | Found a transporter.
 17465 | Gauntlet | Noticed a shining eye
 17471 | Gauntlet | Found a transporter.
 17480 | Gauntlet | Found a transporter.
 17486 | Gauntlet | Noticed an arcanist
 17494 | Gauntlet | Found a transporter.
 17505 | Gauntlet | Found a transporter.
 17511 | Gauntlet | Found a transporter.
 17522 | Gauntlet | Noticed a glowing orange brain
 17525 | Gauntlet | Found a transporter.
 17528 | Gauntlet | Noticed a glowing orange brain
 17540 | Gauntlet | Noticed a red ugly thing
 17542 | Gauntlet | Found a transporter.
 17543 | Gauntlet | Noticed a brown ugly thing
 18424 | Gauntlet | Noticed a minotaur
 18524 | Lair:1   | Reached skill level 10 in Fighting
 18524 | Lair:1   | Noticed Harold
 18543 | Lair:1   | Killed Harold
 18671 | Lair:1   | Noticed Gastronok
 18694 | Lair:1   | Killed Gastronok
 18864 | Lair:1   | Noticed Jeremiah
 19856 | Lair:2   | Reached XP level 12. HP: 71/71 MP: 13/13
 20231 | Lair:2   | Found a hazy altar of Hepliaklqana.
 20818 | Lair:2   | Found a staircase to the Swamp.
 21009 | Lair:2   | Reached skill level 10 in Short Blades
 21335 | Lair:3   | Noticed a boulder beetle
 21369 | Lair:2   | Killed a boulder beetle
 21940 | Lair:3   | Found a staircase to the Snake Pit.
 21993 | Lair:3   | Noticed a six-headed hydra
 22161 | Lair:3   | Noticed a boulder beetle
 22399 | Lair:3   | Killed a boulder beetle
 22428 | Lair:3   | Found a hide-covered altar of Uskayaw.
 22613 | Lair:3   | Noticed a catoblepas
 22613 | Lair:3   | Noticed a catoblepas
 22633 | Lair:3   | Found a runed translucent door.
 22716 | Lair:3   | Found an ornate altar of the Wu Jian Council.
 22893 | Lair:4   | Found a viscous altar of Jiyva.
 22894 | Lair:4   | Found a staircase to the Slime Pits.
 22978 | Lair:4   | Reached XP level 13. HP: 62/75 MP: 14/14
 23169 | Lair:4   | Reached ****** piety under Trog
 23883 | Lair:3   | Received a gift from Trog
 24104 | Lair:4   | Reached skill level 15 in Dodging
 24647 | Lair:5   | Entered Level 5 of the Lair of Beasts
 25013 | Lair:5   | Reached skill level 1 in Long Blades
 26211 | D:8      | Killed Psyche
 26726 | D:4      | Killed Sigmund
 27041 | D:5      | Found a staircase to the Ecumenical Temple.
 27136 | D:5      | Found a broken altar of Ashenzari.
 27315 | D:7      | Killed Joseph
 27619 | D:11     | Received a gift from Trog
 27846 | D:11     | Reached skill level 15 in Stealth
 28414 | D:12     | Reached XP level 14. HP: 80/80 MP: 15/15
 28507 | D:12     | Reached skill level 5 in Long Blades
 29356 | D:12     | Identified a scroll of acquirement
 29382 | D:12     | Reached skill level 1 in Shapeshifting
 29434 | D:12     | Acquired a manual of Long Blades
 30189 | D:13     | Found a gate to the Vaults.
 30310 | Orc:1    | Entered Level 1 of the Orcish Mines
 30462 | Orc:2    | Entered Level 2 of the Orcish Mines
 30462 | Orc:2    | Noticed Azrael
 30467 | Orc:2    | Received a gift from Trog
 30475 | Orc:2    | Killed Azrael
 30558 | Orc:2    | Noticed Rupert
 30571 | Orc:2    | Killed Rupert
 30572 | Orc:2    | Reached skill level 5 in Shapeshifting
 30656 | Orc:2    | Found Qoduiss's Distillery.
 30661 | Orc:2    | Bought a potion of magic for 88 gold pieces
 30661 | Orc:2    | Bought a potion of might for 44 gold pieces
 30661 | Orc:2    | Bought a potion of haste for 110 gold pieces
 30661 | Orc:2    | Bought a potion of heal wounds for 55 gold pieces
 30661 | Orc:2    | Bought 2 potions of invisibility for 176 gold pieces
 30975 | Orc:2    | Received a gift from Trog
 30982 | Orc:2    | Reached skill level 10 in Long Blades
 31040 | Orc:2    | Found Dueple's Jewellery Emporium.
 31040 | Orc:2    | Found Venath's Distillery.
 31041 | Orc:2    | Found Qeuw's Weapon Shop.
 31041 | Orc:2    | Found Kuagaf's General Store.
 31070 | Orc:2    | Bought a potion of heal wounds for 60 gold pieces
 31070 | Orc:2    | Bought a potion of cancellation for 96 gold pieces
 31304 | Orc:2    | Found a runed translucent door.
 31306 | Orc:2    | Noticed Autsider's ghost (journeyman GrEE)
 31343 | Orc:2    | Found a staircase to the Elven Halls.
 31653 | Orc:2    | Reached XP level 15. HP: 83/84 MP: 16/16
 33057 | D:14     | Found a basalt altar of Yredelemnul.
 33447 | D:14     | Found a basalt altar of Yredelemnul.
 33726 | D:15     | Entered Level 15 of the Dungeon
 34063 | Orc:2    | Bought a ring of fire for 300 gold pieces
 34251 | D:15     | Noticed Nessos
 34262 | D:15     | Killed Nessos
 34322 | D:14     | Reached skill level 10 in Shapeshifting
 34568 | D:15     | Found a hide-covered altar of Uskayaw.
 34595 | D:15     | Noticed Agnes
 34891 | D:15     | Found a staircase to the Depths.
 35236 | Lair:1   | Killed Jeremiah
 35471 | Lair:3   | Identified the +7 trident "Ytuil" {drain, *Corrode Str+8
                  | Int+3}
 35473 | Lair:3   | Identified the +3 shortbow "Katzicyf" {speed, Int+2}
 36138 | Snake:1  | Entered Level 1 of the Snake Pit
 36168 | Snake:1  | Received a gift from Trog
 36511 | Snake:1  | Reached XP level 16. HP: 82/88 MP: 17/17
 36583 | Snake:1  | Found Jegha's Jewellery Emporium.
 36584 | Snake:1  | Found Saqo's Book Boutique.
 36585 | Snake:1  | Found Ejixigoiwo's Jewellery Emporium.
 36609 | Snake:1  | Bought an amulet of guardian spirit for 390 gold pieces
 37553 | Orc:2    | Bought a granite talisman for 720 gold pieces
 37751 | Snake:1  | Reached skill level 15 in Shapeshifting
 37960 | Snake:2  | Identified the serpent talisman of Peon {Dex+3 SInv}
 37960 | Snake:2  | Noticed Aizul
 37961 | Snake:2  | Noticed Mlioglotl
 37963 | Snake:2  | Killed Aizul
 37977 | Snake:2  | Noticed Nikola
 37989 | Snake:2  | Killed Nikola
 39023 | Snake:2  | Killed Mlioglotl
 39042 | Snake:3  | Found a transporter.
 39107 | Snake:3  | Found a transporter.
 39276 | Swamp:1  | Entered Level 1 of the Swamp
 40389 | Swamp:2  | Reached skill level 1 in Spellcasting
 41073 | Swamp:3  | Reached skill level 5 in Spellcasting
 41475 | Swamp:3  | Reached XP level 17. HP: 97/97 MP: 27/27
 41792 | Swamp:4  | Entered Level 4 of the Swamp
 42220 | Elf:1    | Entered Level 1 of the Elven Halls
 42237 | Elf:1    | Found a radiant altar of Vehumet.
 42264 | Elf:1    | Reached skill level 10 in Evocations
 42402 | Elf:1    | Paralysed by an air elemental for 1 turns
 42464 | Elf:1    | Found a glacial archway.
 42485 | IceCv    | Entered an ice cave
 42918 | IceCv    | Found an ancient bone altar of Kikubaaqudgha.
 43360 | IceCv    | Noticed a lich
 43370 | IceCv    | Killed a lich
 43750 | IceCv    | Identified the +1 pair of boots "Secw" {Rampage Will+
                  | Regen+ Dex+4}
 44199 | Snake:1  | Bought a ring of protection from fire for 325 gold pieces
 45180 | Elf:1    | Found Muggeon's Assorted Antiques.
 45529 | Elf:2    | Found a runed translucent gate.
 45534 | Elf:2    | Found a runed translucent gate.
 45534 | Elf:2    | Found a runed translucent gate.
 45698 | Elf:2    | Found Hohy's Book Emporium.
 45724 | Elf:2    | Reached XP level 18. HP: 102/102 MP: 32/32
 45736 | Elf:2    | Paralysed by an air elemental for 1 turns
 45886 | Elf:2    | Paralysed by an air elemental for 1 turns
 46276 | Elf:3    | Entered Level 3 of the Elven Halls
 46297 | Elf:3    | Noticed Saint Roka
 46317 | Elf:3    | Killed Saint Roka
 46957 | Elf:3    | Found Dalaphyna's Assorted Antiques.
 46965 | Elf:3    | Bought a potion of heal wounds for 155 gold pieces
 48913 | Swamp:4  | Reached skill level 15 in Evocations
 48928 | Swamp:4  | Got a decaying rune of Zot
 50069 | Elf:2    | Received a gift from Trog
 50580 | Vaults:1 | Entered Level 1 of the Vaults
 50917 | Vaults:1 | Reached XP level 19. HP: 106/106 MP: 33/33
 52297 | Vaults:1 | Found Googel's Armour Emporium.
 52400 | Vaults:2 | You fall into a shaft and drop 2 floors!
 52706 | Vaults:4 | Received a gift from Trog
 53701 | Vaults:3 | Received a gift from Trog
 53815 | Vaults:2 | Reached XP level 20. HP: 111/111 MP: 34/34
 53905 | Vaults:2 | Noticed Mara
 53905 | Vaults:2 | Noticed Mara
 53905 | Vaults:2 | Noticed Mara
 53906 | Vaults:2 | Noticed Sergey's illusion
 53908 | Vaults:2 | Noticed Donald
 54167 | Vaults:2 | Reached skill level 15 in Long Blades
 54871 | Vaults:2 | Killed Donald
 55212 | Vaults:2 | Found a portal to a secret trove of treasure.
 55281 | Vaults:2 | Found a staircase to the Crypt.
 55428 | Vaults:2 | Found a staircase to the Crypt.
 55534 | Vaults:2 | Found a portal to a secret trove of treasure.
 55639 | Vaults:2 | Noticed Sergey's illusion
 55879 | Vaults:2 | Noticed Sergey's illusion
 55983 | Vaults:2 | Noticed Sergey's illusion
 56090 | Vaults:2 | Noticed Sergey's illusion
 56126 | Vaults:2 | Noticed Sergey's illusion
 56252 | Vaults:2 | Noticed Sergey's illusion
 56268 | Vaults:1 | Killed Mara
 57335 | Vaults:3 | Found the +5 glaive of the Guard {elec, spectral}
 57416 | Vaults:3 | Noticed a dread lich
 58156 | Snake:3  | Received a gift from Trog
 58174 | Snake:3  | Identified the ring of Sif Muna's Supremacy {^Drain rF+
                  | Will+ Str+5 Dex-4}
 58174 | Snake:3  | Noticed Noucar's ghost (adept MiMo)
 58200 | Snake:3  | Found a transporter.
 58257 | Snake:3  | Found a transporter.
 58259 | Snake:3  | Found a transporter.
 58267 | Snake:3  | Found a transporter.
 58294 | Snake:3  | Found Mouridis's Magic Scroll Boutique.
 58296 | Snake:3  | Found Ixaa's Jewellery Boutique.
 58296 | Snake:3  | Found Kipaj's Antique Weapon Shop.
 58299 | Snake:3  | Found Mairulla's Distillery.
 58301 | Snake:3  | Bought a scroll of revelation for 112 gold pieces
 58301 | Snake:3  | Bought a scroll of blinking for 112 gold pieces
 58315 | Snake:3  | Bought a potion of might for 76 gold pieces
 58315 | Snake:3  | Bought 2 potions of haste for 380 gold pieces
 58315 | Snake:3  | Bought a potion of cancellation for 152 gold pieces
 58354 | Snake:3  | Found a transporter.
 58355 | Snake:3  | Found a transporter.
 58593 | Snake:4  | Entered Level 4 of the Snake Pit
 59412 | Snake:4  | Found Atasah's Firing Range.
 59451 | Snake:4  | Noticed Roxanne
 59712 | Snake:4  | Received a gift from Trog
 59864 | Snake:4  | Got a serpentine rune of Zot
 60350 | Elf:3    | Reached XP level 21. HP: 115/115 MP: 35/35
 60576 | Elf:3    | Identified the +1 battleaxe "Hixof" {pain, rElec rF- Will+}
 60590 | Elf:3    | Reached skill level 5 in Throwing
 60925 | Snake:3  | Bought a scroll of silence for 142 gold pieces
 61468 | Elf:3    | Identified the +11 lajatang of the Little People {heavy,
                  | +Blink rPois Str+3 Int+4}
 61478 | Elf:3    | Identified the +0 halberd "Secsurhi" {speed, rF+ MP+9 Int-5
                  | Dex+4}
 61515 | Elf:3    | Identified the +10 rapier "Spriggan's Peril" {speed, rElec
                  | rC+}
 61515 | Elf:3    | Identified the ring of the Feeding Gods {rPois rC- rN+++
                  | Will+}
 61531 | Elf:3    | Identified the +0 flail of the Charming King {flame, Int+2
                  | Dex+2}
 61755 | Elf:3    | Identified the staff of the Lettuce {rF+ rN+ Dex+4 Necro
                  | Fire}
 62167 | Snake:1  | Bought a +6 ring of dexterity for 504 gold pieces
 62562 | Vaults:3 | Identified the +4 chain mail of Bodaefewn {Harm rF+ Dex+3}
 62728 | Vaults:3 | Identified the orb of Erchul {light, Will+ Str+3 Ice}
 62728 | Vaults:3 | Noticed Frederick
 62738 | Vaults:3 | Killed Frederick
 62738 | Vaults:3 | Received a gift from Trog
 63492 | Depths:1 | Entered Level 1 of the Depths
 63650 | Depths:1 | Found Otuav's Armour Shoppe.
 63670 | Depths:1 | Found Liopsat's Antique Weapon Shop.
 63706 | Depths:1 | Bought an iridescent scimitar for 225 gold pieces
 63706 | Depths:1 | Identified the +8 scimitar "Yngake" {flame, *Noise rPois
                  | Will+ Dex+2} (You bought it in a shop on level 1 of the
                  | Depths)
 63806 | Depths:1 | Found a one-way gate to the infinite horrors of the Abyss.
 64651 | Depths:1 | Found Takaes's General Store.
 64738 | Depths:1 | Found a gateway to Hell.
 64850 | Depths:1 | Found a shimmering blue altar of Sif Muna.
 64888 | Depths:1 | Reached skill level 1 in Shields
 65224 | Depths:2 | Received a gift from Trog
 65264 | Depths:2 | Found a magical portal.
 65282 | WizLab   | Entered Alistair's Party Mansion
 65430 | WizLab   | Gained mutation: You do not regenerate when monsters are
                  | visible. [a shining eye]
 65632 | WizLab   | Reached skill level 5 in Shields
 65745 | WizLab   | Lost mutation: You do not regenerate when monsters are
                  | visible. [potion of mutation]
 65745 | WizLab   | Gained mutation: You occasionally lose the ability to read
                  | scrolls when taking damage. [potion of mutation]
 65746 | WizLab   | Lost mutation: You occasionally lose the ability to read
                  | scrolls when taking damage. [potion of mutation]
 65746 | WizLab   | Gained mutation: You possess an exceptional clarity of
                  | mind. [potion of mutation]
 65746 | WizLab   | Lost mutation: You possess an exceptional clarity of mind.
                  | [potion of mutation]
 65749 | Depths:2 | Acquired 959 gold pieces
 65750 | Depths:2 | Acquired a manual of Shields
 65845 | Depths:2 | Reached XP level 22. HP: 95/120 MP: 27/36
 66104 | Depths:2 | Received a gift from Trog
 66249 | Depths:2 | Found a one-way gate leading to the halls of Pandemonium.
 67285 | Depths:3 | Reached skill level 10 in Shields
 67786 | Depths:3 | Noticed a golden dragon
 67800 | Depths:3 | Killed a golden dragon
 67808 | Depths:3 | Noticed a juggernaut
 67815 | Depths:3 | Noticed a juggernaut
 67828 | Depths:3 | Killed a juggernaut
 67840 | Depths:3 | Killed a juggernaut
 67906 | Depths:3 | Noticed a golden dragon
 67918 | Depths:3 | Killed a golden dragon
 67972 | Depths:3 | Received a gift from Trog
 67975 | Depths:3 | Noticed a golden dragon
 67985 | Depths:3 | Killed a golden dragon
 67988 | Depths:3 | Identified the +1 glaive of Causality {spect, Int+3 SInv}
 68402 | Depths:4 | Entered Level 4 of the Depths
 68443 | Depths:4 | Reached skill level 15 in Fighting
 68771 | Depths:4 | Reached XP level 23. HP: 126/126 MP: 37/37
 68789 | Depths:4 | Noticed a juggernaut
 69107 | Depths:4 | Received a gift from Trog
 69521 | Depths:4 | Found a one-way gateway to a ziggurat.
 69760 | Depths:4 | Found a gate to the Realm of Zot.
 70041 | Vaults:3 | Killed a dread lich
 70154 | Vaults:4 | You fall into a shaft and drop 1 floor!
 70154 | Vaults:5 | Entered Level 5 of the Vaults
 70254 | Vaults:5 | Found Rymoasif's Magic Scroll Boutique.
 70260 | Vaults:5 | Bought a scroll of fear for 64 gold pieces
 70260 | Vaults:5 | Bought a scroll of silence for 152 gold pieces
 70268 | Vaults:5 | Noticed an ancient lich
 70274 | Vaults:5 | Killed an ancient lich
 70408 | Vaults:5 | Received a gift from Trog
 70684 | Vaults:5 | Noticed Margery
 70838 | Vaults:5 | Killed Margery
 70938 | Vaults:5 | Noticed a dread lich
 70952 | Vaults:5 | Killed a dread lich
 70965 | Vaults:5 | Reached XP level 24. HP: 131/131 MP: 37/37
 71059 | Vaults:5 | Reached skill level 27 in Stealth
 71186 | Vaults:5 | Noticed an ancient lich
 71195 | Vaults:5 | Killed an ancient lich
 71226 | Vaults:5 | Found Nanes's Armour Shoppe.
 71306 | Vaults:5 | Found Vuc Kel's Magic Scroll Shop.
 71311 | Vaults:5 | Bought a scroll of enchant weapon for 150 gold pieces
 71311 | Vaults:5 | Bought a scroll of fog for 80 gold pieces
 71311 | Vaults:5 | Bought a scroll of teleportation for 60 gold pieces
 71311 | Vaults:5 | Bought a scroll of fear for 80 gold pieces
 71311 | Vaults:5 | Bought a scroll of fear for 80 gold pieces
 71340 | Vaults:5 | Received a gift from Trog
 71722 | Vaults:5 | Found Gohyxz Taih's Jewellery Shoppe.
 71726 | Vaults:5 | Got a silver rune of Zot
 71731 | Vaults:5 | Bought the ring "Ritatoov" {Fly rF+ Will+ Int-2} for 592
                  | gold pieces
 71759 | Vaults:5 | Found Xone's Antique Armour Shoppe.
 71759 | Vaults:5 | Found Cikososi's Distillery.
 71767 | Vaults:5 | Bought a potion of haste for 170 gold pieces
 71767 | Vaults:5 | Bought a potion of might for 68 gold pieces
 71767 | Vaults:5 | Bought a potion of heal wounds for 85 gold pieces
 71767 | Vaults:5 | Bought a potion of haste for 170 gold pieces
 71767 | Vaults:5 | Bought a potion of mutation for 136 gold pieces
 71767 | Vaults:5 | Bought a potion of mutation for 136 gold pieces
 71774 | Vaults:5 | Found Ezxukloy's Distillery.
 71778 | Vaults:5 | Bought a potion of magic for 136 gold pieces
 71778 | Vaults:5 | Bought a potion of curing for 51 gold pieces
 71778 | Vaults:5 | Bought a potion of might for 68 gold pieces
 72633 | Slime:1  | Entered Level 1 of the Pits of Slime
 72970 | Zot:1    | Entered Level 1 of the Realm of Zot
 73289 | Zot:1    | Identified the +9 rapier of the Gloaming {freeze, Str+2}
 73516 | Zot:1    | Reached skill level 27 in Dodging
 73756 | Zot:2    | Received a gift from Trog
 74215 | Elf:1    | Bought a wand of paralysis (4) for 316 gold pieces
 74215 | Elf:1    | Bought a potion of cancellation for 264 gold pieces
 74215 | Elf:1    | Bought 2 potions of curing for 198 gold pieces
 74562 | Snake:4  | Bought a throwing net for 42 gold pieces
 74562 | Snake:4  | Bought a throwing net for 42 gold pieces
 74640 | Snake:3  | Bought a potion of ambrosia for 152 gold pieces
 74845 | Orc:2    | Bought a potion of lignification for 33 gold pieces
 74845 | Orc:2    | Bought a potion of enlightenment for 55 gold pieces
 74845 | Orc:2    | Bought 2 potions of curing for 66 gold pieces
 75101 | Snake:3  | Killed Noucar's ghost
 76090 | Zot:2    | Received a gift from Trog
 76992 | Zot:5    | Entered Level 5 of the Realm of Zot
 77367 | Zot:5    | Reached XP level 25. HP: 135/135 MP: 37/37
 77645 | Zot:5    | Noticed an ancient lich
 77652 | Zot:5    | Killed an ancient lich
 77733 | Zot:5    | Noticed an orb of fire
 77741 | Zot:5    | Gained mutation: Your system is resistant to poisons.
                  | (rPois) [an orb of fire]
 77742 | Zot:5    | Killed an orb of fire
 77752 | Zot:5    | Noticed a Killer Klown
 77755 | Zot:5    | Killed a Killer Klown
 77755 | Zot:5    | Noticed an orb of fire
 77757 | Zot:5    | Gained mutation: Potions are less effective at restoring
                  | your health. [an orb of fire]
 77765 | Zot:5    | Killed an orb of fire
 77789 | Zot:5    | Noticed a Killer Klown
 77811 | Zot:5    | Killed a Killer Klown
 77811 | Zot:5    | Noticed a Killer Klown
 77821 | Zot:5    | Noticed a Killer Klown
 77824 | Zot:5    | Killed a Killer Klown
 77825 | Zot:5    | Killed a Killer Klown
 77879 | Zot:5    | Noticed a Killer Klown
 77955 | Zot:5    | Killed a Killer Klown
 78030 | Zot:5    | Noticed an orb of fire
 78048 | Zot:5    | Gained mutation: Your magical capacity is low. (-10% MP)
                  | [an orb of fire]
 78056 | Zot:5    | Killed an orb of fire
 78057 | Zot:5    | Noticed a dread lich
 78083 | Zot:5    | Killed a dread lich
 78118 | Zot:5    | Reached skill level 27 in Evocations
 78541 | Zot:5    | Noticed a Killer Klown
 78552 | Zot:5    | Noticed an orb of fire
 78552 | Zot:5    | Killed a Killer Klown
 78563 | Zot:5    | Killed an orb of fire
 78634 | Zot:5    | Noticed a dread lich
 78652 | Zot:5    | Killed a dread lich
 78847 | Zot:5    | Got the Orb of Zot
 79213 | D:8      | Noticed Ablerapeo the pandemonium lord
 79412 | D:$      | Escaped with the Orb!

Illustrated notes

Levels and vault maps discovered:
D:1:      nicolae_arrival_memento_mori, layout_loops_ring,
          minmay_misc_feat_diagonals
D:2:      layout_rooms, kennysheep_boxes, uniq_crazy_yiuf_cottage, uniq_jessica
D:3:      layout_basic, st_stairs_3
D:4:      layout_basic, minitemple, serial_forest,
          infiniplex_forest_clump_double, infiniplex_forest_lined_2,
          infiniplex_forest_straight_1, infiniplex_forest_corner_1,
          infiniplex_forest_lined_room_2, infiniplex_forest_lined_3,
          uniq_natasha, uniq_sigmund
D:5:      layout_rooms, kennysheep_mini, minmay_temple_entry_overgrown,
          kennysheep_path_1
D:6:      layout_cave_pools, serial_shops, nicolae_diamond_shop,
          uniq_blork_the_orc
D:7:      layout_cave_pools, uniq_joseph, uniq_pikel
D:8:      layout_basic, uniq_psyche, uniq_prince_ribbit1
D:9:      layout_irregular_city, amethyst_overflow_temple_binary, uniq_erica,
          uniq_maurice
D:10:     layout_loops_ring, dpeg_lair_monsters, david_orc_2
D:11:     layout_loops_ring, lightli_elemental_guards
D:12:     layout_long_grid
D:13:     layout_roguey, david_vaults_1
D:14:     layout_cross, yredelemnul_forgotten_temple_becter
D:15:     hangedman_depths_entry_try_elsewhere_first, layout_cave_pools,
          nicolae_uskayaw_murder_on_the_dancefloor, uniq_nessos, uniq_agnes
Lair:1:   layout_concentric_octagons, gauntlet_entry_generic,
          infiniplex_staircase_pool, serial_bayou_shore_a, uniq_jeremiah,
          uniq_harold, uniq_gastronok
Lair:2:   layout_misc_corridors, mainiacjoe_swamp_entry_angry_trees,
          basic_altar, special_room [special_room_bee]
Lair:3:   gammafunk_lair_enchanted_lake, layout_long_grid,
          nicolae_snake_entry_squirm, columned_hall_lemuel,
          nzn_masters_of_martial_movement
Lair:4:   layout_roguey, minmay_slime_entry_pillars, grunt_megastairs_5
Lair:5:   guppyfry_lair_end_dragon, layout_regular_city, disabler_island,
          lemuel_fruit_fields
Swamp:1:  layout_basic_swamp, hangedman_swamp_cone
Swamp:2:  layout_basic_swamp, evilmike_swamp_ruin_rubble_1, swamp_pool_1_2,
          nicolae_swamp_decorative_isthmus, nicolae_swamp_long_stream
Swamp:3:  layout_falls_marsh, nicolae_swamp_little_tower, swamp_pool_1_2
Swamp:4:  swamp_basic_johnstein, layout_basic_swamp
Snake:1:  layout_misc_corridors, drop_trap, minmay_shop_grove
Snake:2:  layout_basic, uniq_nikola, uniq_mlioglotl, uniq_aizul
Snake:3:  layout_onion_interference, gammafunk_ghost_arena,
          serial_nicolae_subway, nicolae_sub_station_crystal,
          nicolae_sub_station_metal, nicolae_sub_station_stone, minmay_shoptagon
Snake:4:  johnstein_snake_rune_scales, layout_basic, nicolae_shop_firing_range,
          uniq_roxanne
Slime:1:  layout_caves
Orc:1:    layout_diamond_mine
Orc:2:    st_orc_ogre_mass, layout_caves, gammafunk_ghost_grave, serial_shops,
          nicolae_shop_crystal, uniq_rupert, uniq_azrael
Elf:1:    eino_elf_arrival_altar, layout_gridlike,
          portal_ice_cave_entry_ice_simulacra, serial_shops,
          nicolae_shop_real_fake_doors, hangedman_elven_crosses_minicolossus,
          grunt_ministairs_9
Elf:2:    nicolae_elf_blades_crystal_corner, layout_loops_corners, serial_shops,
          shop, st_stairs_6, serial_sigils_hangedman_quiver
Elf:3:    grunt_elf_hall_asides, layout_loops_cross, serial_shops, shop,
          nicolae_elf_big_sculpture_3, uniq_saint_roka
Vaults:1: v_misc_19, nicolae_vaults_layer_cake_slice, nicolae_vaults_what_the_h,
          hangedman_vaults_hat, v_alt_pattern_5,
          nicolae_vaults_stairing_the_circle, nicolae_vaults_double_plus_1,
          hangedman_vaults_trim, ontoclasm_vaults_twist,
          nicolae_vaults_tetromino_L_2, layout_vaults_omnigrid, serial_shops,
          shop
Vaults:2: vaults_room_corners, nicolae_vaults_network_square, v_pattern_5,
          v_alt_pattern_6, minmay_crypt_entry_simple_sparse,
          vaults_room_grunt_arrival_checkpoint, hangedman_vaults_cutoff,
          v_misc_16, nicolae_vaults_double_plus_1, layout_vaults_omnicross,
          enter_trove_0, uniq_mara, uniq_donald
Vaults:3: nicolae_vaults_ninety_degrees, lightli_orcish_oven,
          minmay_guarded_unrand_guard_vaults, vaults_room_corners,
          nicolae_vaults_tetromino_L_2, ontoclasm_vaults_eye,
          nicolae_vaults_house_1, nicolae_vaults_tetromino_L_1,
          layout_vaults_chaotic_city, uniq_frederick
Vaults:4: nicolae_vaults_inception_scallops, ontoclasm_vaults_shuriken,
          v_misc_32, grunt_vaults_twisty, ontoclasm_vaults_decontamination,
          dpeg_vaults_hating_casters, nicolae_vaults_heart-shaped_vault,
          layout_vaults_ring
Vaults:5: uniq_margery
Depths:1: layout_cave_shapes, serial_shops, nicolae_shop_window_shopping, shop,
          shop, hangedman_coc_ice_floe, regret_index_abyss_entry_already_here,
          lemuel_blue_sif_altar, grunt_megastairs_1
Depths:2: minmay_angry_zag, layout_honeycomb, pan_entry,
          grunt_hell_entry_dis_mu, minmay_misc_feat_nine_boxes, abyss_entry,
          infiniplex_enter_wizlab_water, kennysheep_donut,
          infiniplex_staircase_zigzag_1
Depths:3: grunt_runaround [grunt_runaround_loot, grunt_runaround_doors_1,
          grunt_runaround_doors_2, grunt_runaround_doors_3,
          grunt_runaround_doors_4], abyss_entry, hell_entry
Depths:4: grunt_zot_entry_funnels, layout_cave_pools, enter_ziggurat_a,
          lightli_too_deep, minivault_16, st_stairs_7
Zot:1:    layout_onion_interference, st_stairs_13, bh_zot_levy_curve
Zot:2:    lemuel_firehouse, layout_cathedral_of_symmetry,
          regret_index_zotdec_wing_it
Zot:3:    layout_gridville, regret_index_zotdec_dark_gr
Zot:4:    layout_twisted_circle, st_stairs_3
Zot:5:    layout_concentric_octagons

Skill      XL: |  1  2  3  4  5  6  7  8  9 10 11 12 13 14 15 16 17 18 19 20 21 22 23 24 25 |
---------------+----------------------------------------------------------------------------+-----
Stealth        | 2 4 5 8 10 15 16 22 24 26 27 | 27.0
Short Blades   | 4 5 6 11 12 | 12.0
Fighting       | 3 4 5 6 7 8 12 14 15 16 | 16.3
Evocations     | 1 3 6 7 9 13 15 17 18 19 24 27 | 27.0
Dodging        | 5 6 8 12 13 15 18 21 22 24 26 27 | 27.0
Throwing       | 2 3 4 8 |  8.0
Long Blades    | 4 11 12 13 14 15 | 15.0
Shapeshifting  | 8 14 16 | 16.0
Spellcasting   | 6 9 |  9.4
Shields        | 5 12 | 12.0

Action                     |  1- 3 |  4- 6 |  7- 9 | 10-12 | 13-15 | 16-18 | 19-21 | 22-24 | 25-27 || total
---------------------------+-------+-------+-------+-------+-------+-------+-------+-------+-------++-------
  Melee: Short sword       |   128 |   284 |   109 |   901 |   169 |     7 |       |       |       ||  1598
         Dagger            |       |       |   556 |   325 |    99 |       |       |       |       ||   980
         Rapier            |       |       |       |   343 |   183 |     8 |   461 |   529 |   105 ||  1629
         Scimitar          |       |       |       |       |  1043 |  1465 |  1136 |     7 |   121 ||  3772
         Demon blade       |       |       |       |       |       |       |    30 |  1177 |   124 ||  1331
   Fire: Shortbow          |       |       |       |       |    22 |       |       |       |       ||    22
  Throw: Stone             |     9 |       |       |       |       |       |       |       |       ||     9
         Throwing net      |       |     1 |     9 |     3 |       |     1 |     7 |     4 |    11 ||    36
         Dart              |       |       |     2 |    65 |    61 |    82 |    10 |       |       ||   220
         Boomerang         |       |       |       |       |       |       |    21 |    12 |    17 ||    50
 Invoke: Berserk           |     9 |       |     3 |     1 |     1 |     3 |     2 |     2 |       ||    21
         Trog's Hand       |       |     2 |     2 |       |     1 |     1 |     2 |     1 |       ||     9
         Brothers in Arms  |       |       |       |       |    11 |     5 |     7 |    12 |     6 ||    41
Ability: Begin Untransform |       |       |       |       |     1 |       |       |       |     2 ||     3
  Evoke: Wand              |       |     3 |    12 |    16 |    29 |    10 |    19 |    25 |     6 ||   120
         Tin of tremorston |       |       |       |     2 |     9 |     4 |     9 |     9 |       ||    33
         Sack of spiders   |       |       |       |       |     3 |     4 |     6 |     3 |       ||    16
         Phantom mirror    |       |       |       |       |       |       |       |     3 |       ||     3
         Lightning rod     |       |       |       |       |       |       |       |     4 |       ||     4
    Use: Scroll            |     3 |     3 |     7 |    10 |    16 |    19 |    17 |    14 |     7 ||    96
         Potion            |       |     4 |       |     1 |     4 |    19 |     8 |     2 |    10 ||    48
   Stab: Sleeping          |     5 |    10 |     7 |    12 |    24 |    30 |    46 |    38 |       ||   172
         Distracted        |     1 |     1 |     2 |     2 |     4 |     6 |    21 |    20 |       ||    57
         Held in net/web   |       |     1 |     2 |     5 |       |     1 |     4 |     3 |     4 ||    20
         Paralysed         |       |       |     2 |     4 |     5 |     1 |     4 |     3 |     2 ||    21
         Invisible         |       |       |       |     2 |     6 |     1 |     1 |     3 |     8 ||    21
         Confused          |       |       |       |       |     1 |       |     1 |       |       ||     2
         Fleeing           |       |       |       |       |     1 |       |       |       |       ||     1
 Armour: Animal skin       |    30 |    67 |    23 |       |       |       |       |       |       ||   120
         Skin              |       |    11 |       |       |       |   983 |   697 |   489 |    73 ||  2253
         Robe              |       |       |   154 |   357 |   397 |       |       |       |       ||   908
         Acid dragon scale |       |       |       |    11 |       |       |       |       |       ||    11
         Swamp dragon scal |       |       |       |       |    25 |    22 |       |       |    10 ||    57
  Dodge: Dodged            |    73 |   130 |   519 |  1231 |  1494 |  2800 |  2927 |  2544 |   469 || 12187
  Block: Buckler           |       |       |       |       |       |       |       |   728 |   174 ||   902
   Form: Maw               |       |       |       |       |     1 |       |       |       |       ||     1
         Statue            |       |       |       |       |       |     1 |       |       |     1 ||     2

Table legend: (Time is in decaauts)
 A = Elapsed time spent in this place.
 B = Non-inter-level travel time spent in this place.
 C = Inter-level travel time spent in this place.
 D = Time resting spent in this place.
 E = Time spent auto-exploring this place.
 F = Levels seen in this place.
 G = Mean time per level.
                   A        B        C        D        E       F      G
               +--------+--------+--------+--------+--------+-----+--------+
         Total |  91747 |  74988 |  16759 |  10254 |  40885 |  51 | 1799.0 |
       Dungeon |  21438 |  16446 |   4992 |   3454 |   6090 |  15 | 1429.2 |
          Lair |   9131 |   6215 |   2916 |    404 |   3189 |   5 | 1826.2 |
         Swamp |   7422 |   6750 |    672 |    533 |   4554 |   4 | 1855.5 |
     Snake Pit |   8330 |   6473 |   1857 |    399 |   4349 |   4 | 2082.5 |
    Slime Pits |      4 |      3 |      1 |      0 |      0 |   1 |    4.0 |
  Orcish Mines |   3183 |   1489 |   1694 |    215 |    654 |   2 | 1591.5 |
   Elven Halls |   8798 |   7008 |   1790 |   1159 |   3899 |   3 | 2932.7 |
        Vaults |  15375 |  14185 |   1190 |   1715 |   9063 |   5 | 3075.0 |
        Depths |   8587 |   7460 |   1127 |    364 |   5418 |   4 | 2146.8 |
           Zot |   5849 |   5333 |    516 |    533 |   3016 |   5 | 1169.8 |
      Ice Cave |   2046 |   2046 |      0 |    864 |    475 |   1 | 2046.0 |
        Wizlab |    683 |    683 |      0 |     27 |     88 |   1 |  683.0 |
      Gauntlet |    898 |    898 |      0 |    583 |     85 |   1 |  898.0 |
               +--------+--------+--------+--------+--------+-----+--------+

Top non-repeatable levels by time:
Vaults:2: 4118 daAuts
Vaults:1: 3732 daAuts
   Elf:2: 3122 daAuts
   Elf:1: 2910 daAuts
Vaults:3: 2835 daAuts
Depths:3: 2799 daAuts
   Elf:3: 2765 daAuts
   Zot:5: 2666 daAuts
Vaults:5: 2636 daAuts
 Swamp:4: 2577 daAuts
 Snake:4: 2450 daAuts
  Lair:3: 2427 daAuts
 Snake:2: 2419 daAuts
Depths:2: 2408 daAuts
   Orc:2: 2373 daAuts
